 Dungeon Crawl Stone Soup version 0.19-a0-49-gb8736b8 (webtiles) character file.

263 Jeelzebub the Skirmisher (level 5, -5/48 HPs)
             Began as a Demigod Skald on May 6, 2016.
             Slain by a hound (6 damage)
             ... on level 4 of the Dungeon.
             The game lasted 00:05:56 (5577 turns).

Jeelzebub the Skirmisher (Demigod Skald)            Turns: 5577, Time: 00:05:57

Health: -5/48      AC:  4    Str: 15    XL:     5   Next: 65%
Magic:  4/10       EV: 11    Int: 18    God:
Gold:   82         SH:  0    Dex: 15    Spells: 3 memorised, 2 levels left

rFire  . . .     SeeInvis .     a - +0 falchion
rCold  . . .     Gourm    .     b - +0 leather armour
rNeg   . . .     Faith    .     (no shield)
rPois  .         Spirit   .     m - +0 helmet
rElec  .         Dismiss  .     (no cloak)
rCorr  .         Reflect  .     (no gloves)
SustAt +         Harm     .     (no boots)
MR     .....                    (no amulet)
Stlth  +.........               (no ring)
                                (no ring)

@: flying, not resistant to hostile enchantments, very unstealthy
A: high mp 1, sustain attributes
a: no special abilities


You were on level 4 of the Dungeon.
You were not hungry.

You visited 1 branch of the dungeon, and saw 4 of its levels.

You collected 82 gold pieces.

Inventory:

Hand Weapons
 a - a +0 falchion (weapon)
Missiles
 v - 19 bolts
Armour
 b - a +0 leather armour (worn)
 m - a +0 helmet (worn)
   (You found it on level 3 of the Dungeon)
Scrolls
 g - a scroll of enchant armour {unknown}
 j - 5 scrolls of identify {unknown}
 k - a scroll of random uselessness {unknown}
 o - a scroll of enchant weapon {unknown}
 u - a scroll of magic mapping {unknown}
 w - a scroll of recharging {unknown}
 y - a scroll of amnesia {unknown}
Potions
 e - a potion of cancellation {unknown}
 l - a potion of agility {unknown}
 r - a potion of beneficial mutation {unknown}
 s - 2 potions of haste {unknown}
 t - a potion of invisibility {unknown}
 x - a potion of mutation {unknown}
Books
 c - a book of Battle
 p - a book of Enchantments {@w0}
   (You found it on level 3 of the Dungeon)
Comestibles
 d - 4 bread rations {@e1}
 f - 2 fruits
 i - 2 meat rations {@e2}
 n - 2 slices of pizza
 z - a beef jerky
 A - a royal jelly


   Skills:
 - Level 5.0 Fighting
 + Level 2.6 Long Blades
 - Level 0.8 Armour
 - Level 0.8 Dodging
 - Level 1.7 Spellcasting
 + Level 3.2 Charms


You had 2 spell levels left.
You knew the following spells:

 Your Spells              Type           Power        Failure   Level  Hunger
a - Infusion              Chrm           ##..         8%          1    #......
b - Song of Slaying       Chrm           ##......     12%         2    ###....
s - Shroud of Golubria    Chrm/Tloc      #.........   17%         2    ###....


Dungeon Overview and Level Annotations

Branches:
Dungeon (4/15)
 Temple: D:4-7


Innate Abilities, Weirdness & Mutations

You have an increased reservoir of magic (+10% MP).
Your attributes are resistant to harm.


Message History

You hit the gnoll. The gnoll hits you but does no damage.
The gnoll hits you from afar with a spear.
You take 6 damage, and have 42/48 hp.
Space distorts slightly along a thin shroud covering your body.
The gnoll barely misses you.
You now have 8/10 mp.
You miscast Song of Slaying.
You are very lightly contaminated with residual magic.
Nothing appears to happen.
The gnoll barely misses you.
Your shroud bends the gnoll's attack away.
You now have 6/10 mp.
You start singing a song of slaying.
Your shroud bends the gnoll's attack away.
The gnoll barely misses you.
You now have 4/10 mp.
You begin infusing your attacks with magical energy.
Your shroud bends the gnoll's attack away.
The gnoll misses you.
You now have 3/10 mp.
You hit the gnoll! The gnoll barely misses you. The gnoll closely misses you.
You now have 2/10 mp.
You slash the gnoll!
You kill the gnoll!
The gnoll hits you but does no damage. x2
You now have 1/10 mp.
Your shroud bends the gnoll's attack away.
The gnoll hits you but does no damage.
You hit the gnoll.
The gnoll hits you from afar with a halberd!
The gnoll hits you but does no damage.
You take 11 damage, and have 33/48 hp.
MASSIVE DAMAGE!!
You closely miss the gnoll.
Your shroud begins to fray at the edges.
The gnoll misses you. x2
You hit the gnoll.
Your shroud bends the gnoll's attack away.
The gnoll hits you from afar with a halberd.
You take 4 damage, and have 29/48 hp.
You now have 0/10 mp.
Unknown command.
You hit the gnoll but do no damage.
Your shroud bends the gnoll's attack away.
The gnoll closely misses you.
You hit the gnoll but do no damage. The gnoll misses you.
The gnoll hits you from afar with a halberd!
Your shroud falls apart!
The gnoll hits you but does no damage.
You take 8 damage, and have 22/48 hp.
You hit the gnoll.
The gnoll hits you from afar with a halberd!
* * * LOW HITPOINT WARNING * * *
The gnoll barely misses you.
You take 10 damage, and have 12/48 hp.
MASSIVE DAMAGE!!
The gnoll hits you from afar with a spear!
* * * LOW HITPOINT WARNING * * *
You take 9 damage, and have 3/48 hp.
Your magical infusion is running out.
Your magical contamination has completely faded away.
You are no longer magically infusing your attacks.
Your song is almost over.
You hear a bark!
A hound comes into view.
Read which item? (? for menu, Esc to quit)
Okay, then.
Drink which item? (? for menu, Esc to quit)
It was a potion of curing.
You feel better.
Your song has ended.
The hound closely misses you.
You regained 9 hp, and now have 15/48 hp.
The hound bites you but does no damage. The hound barely misses you.
The hound closely misses you. The gnoll barely misses you. The hound bites you.
* * * LOW HITPOINT WARNING * * *
You take 2 damage, and have 14/48 hp.
The hound stops to sniff the ground.
The hound barely misses you. The hound bites you.
* * * LOW HITPOINT WARNING * * *
You take 4 damage, and have 10/48 hp.
The hound bites you.
* * * LOW HITPOINT WARNING * * *
There is an open door here.
You take 3 damage, and have 8/48 hp.
Drink which item? (? for menu, Esc to quit)
You feel better. The hound barely misses you.
You regained 5 hp, and now have 13/48 hp.
The hound barely misses you.
Drink which item? (? for menu, Esc to quit)
It was a potion of flight.
You feel very buoyant.
You fly up into the air.
The hound bites you.
* * * LOW HITPOINT WARNING * * *
The gnoll hits you from afar with a spear.
* * * LOW HITPOINT WARNING * * *
You take 12 damage, and have 1/48 hp.
MASSIVE DAMAGE!!
The hound bites you.
You die...

######.######
.............# .
##..###.####.#######. #.
# #.##...............
.###.#....#######..#.#
#.
......................
.. .##.#..###########..#
#.#..##### ..#
#......@.########.##
#.##....h#.....##..#
(.........g.........#
.....######.#.....###.##
##.# #.#.....# #..# ..
#.####### ##.#
####.##########g##
..###.............#..###
#.....#......####.##.##.


You could see a hound and a gnoll.

Vanquished Creatures
  An orc wizard (D:4)
  An orc priest (D:3)
  5 gnolls
  6 adders
  2 worms
  4 giant geckos
  11 orcs
  4 giant cockroaches
  8 goblins
  4 hobgoblins
  6 jackals
  12 kobolds
  A quokka (D:4)
  A ball python (D:2)
  6 bats
  5 giant newts
  8 rats
85 creatures vanquished.

Notes
Turn   | Place    | Note
--------------------------------------------------------------
     0 | D:1      | Jeelzebub the Demigod Skald began the quest for the Orb.
     0 | D:1      | Reached XP level 1. HP: 17/17 MP: 5/5
   109 | D:1      | Reached skill level 2 in Fighting
   553 | D:2      | Reached XP level 2. HP: 20/25 MP: 7/7
   557 | D:2      | Learned a level 2 spell: Song of Slaying
   662 | D:2      | Found a deep blue altar of Sif Muna.
   726 | D:2      | Reached skill level 3 in Fighting
  1113 | D:2      | Reached XP level 3. HP: 31/31 MP: 8/8
  1207 | D:2      | Found a faded altar to an unknown god.
  1688 | D:3      | Reached skill level 4 in Fighting
  1700 | D:3      | HP: 8/33 [poisoned by an adder]
  1708 | D:3      | HP: 7/33 [poisoned by an adder]
  1946 | D:3      | Reached XP level 4. HP: 11/40 MP: 5/9
  1946 | D:3      | HP: 10/40 [poisoned by an adder]
  1951 | D:3      | HP: 7/40 [poisoned by an adder]
  1957 | D:3      | HP: 5/40 [poisoned by an adder]
  1963 | D:3      | HP: 4/40 [poisoned by an adder]
  1971 | D:3      | HP: 3/40 [poisoned by an adder]
  3430 | D:3      | Found a bloodstained altar of Trog.
  3948 | D:1      | Reached skill level 5 in Fighting
  4031 | D:1      | Reached XP level 5. HP: 41/48 MP: 4/10
  4078 | D:1      | Learned a level 2 spell: Shroud of Golubria
  4795 | D:3      | Reached skill level 2 in Long Blades
  4893 | D:3      | HP: 12/48 [orc priest/divine providence (12)]
  5156 | D:4      | Reached skill level 3 in Charms
  5543 | D:4      | HP: 12/48 [gnoll/halberd (10)]
  5544 | D:4      | HP: 3/48 [gnoll/spear (9)]
  5571 | D:4      | HP: 10/48 [hound (4)]
  5576 | D:4      | HP: 7/48 [hound (6)]
  5576 | D:4      | HP: 1/48 [gnoll/spear (6)]
  5577 | D:4      | Slain by a hound

Vault maps used:
D:1:      dpeg_arrival_orchard, kennysheep_crisscross
D:2:      lemuel_blue_sif_altar, ecumenical_altar_1, first_bread
D:3:      bloody_trog
D:4:      minitemple, minmay_misc_feat_iff

Skill      XL: |  1  2  3  4  5 |
---------------+----------------+-----
Fighting       | 2 3 4 5 |  5.0
Long Blades    | 2 |  2.6
Charms         | 3 |  3.2
Armour         | |  0.8
Dodging        | |  0.8
Spellcasting   | |  1.7

Action                   |  1- 3 |  4- 6 || total
-------------------------+-------+-------++-------
Melee: Falchion          |   102 |   184 ||   286
 Cast: Song of Slaying   |     2 |     7 ||     9
       Infusion          |     1 |    10 ||    11
       Shroud of Golubri |       |     3 ||     3
  Use: Potion            |       |     3 ||     3
 Stab: Sleeping          |     1 |     1 ||     2
  Eat: Chunk             |     3 |     9 ||    12
       Meat ration       |       |     1 ||     1
Armor: Leather armour    |    27 |    49 ||    76
Dodge: Dodged            |    64 |   122 ||   186

Vault maps used:
D:1:      dpeg_arrival_orchard, kennysheep_crisscross
D:2:      lemuel_blue_sif_altar, ecumenical_altar_1, first_bread
D:3:      bloody_trog
D:4:      minitemple, minmay_misc_feat_iff

Table legend:
 A = Turns spent in this place as a percentage of turns spent in the entire game.
 B = Non-inter-level travel turns spent in this place as a percentage of non-inter-level travel turns spent in the entire game.
 C = Inter-level travel turns spent in this place as a percentage of turns spent in this place.
 D = Turns resting spent in this place as a percentage of non-inter-level travel turns spent in this place.
 E = Turns spent auto-exploring this place as a percentage of non-inter-level travel turns spent in this place.
 F = Non-inter-level travel turns spent in this place divided by the number of levels of this place that you've seen.
                   A       B       C       D       E      F
               +-------+-------+-------+-------+-------+----------------------
         Total | 100.0 | 100.0 |   0.4 |   5.1 |   8.8 | 301.0
       Dungeon | 100.0 | 100.0 |   0.4 |   5.1 |   8.8 | 301.0
               +-------+-------+-------+-------+-------+----------------------

Table legend:
 A = Kills in this place as a percentage of kills in entire the game.
 B = Kills by you in this place as a percentage of kills by you in the entire game.
 C = Kills by friends in this place as a percentage of kills by friends in the entire game.
 D = Other kills in this place as a percentage of other kills in the entire game.
 E = Experience gained in this place as a percentage of experience gained in the entire game.
 F = Experience gained in this place divided by the number of levels of this place that you have seen.
                   A       B       C       D       E      F
               +-------+-------+-------+-------+-------+----------------------
         Total | 100.0 | 100.0 |  -nan |  -nan | 100.0 |  94.2
       Dungeon | 100.0 | 100.0 |  -nan |  -nan | 100.0 |  94.2
               +-------+-------+-------+-------+-------+----------------------
